 Dungeon Crawl Stone Soup version 0.29.0-5-ge4962eb29e (webtiles) character file.

Game seed: 16448029216380115063

3265 Flugkiller the Cleaver (level 9, -3/81 HPs)
             Began as a Minotaur Fighter on Aug 28, 2022.
             Was a Believer of Okawaru.
             Slain by a vampire mosquito (7 damage)
             ... on level 8 of the Dungeon.
             The game lasted 00:04:17 (8152 turns).

Flugkiller the Cleaver (Minotaur Fighter)           Turns: 8152, Time: 00:04:18

Health: -3/81      AC: 12    Str: 24 (27) XL:     9   Next: 68%
Magic:  11/11      EV: 10    Int:  3 (5)  God:    Okawaru [**....]
Gold:   199        SH:  4    Dex: 11 (14) Spells: 8/8 levels left

rFire   . . .      SeeInvis .   a - +0 war axe
rCold   . . .      Faith    .   c - +0 buckler
rNeg    . . .      Spirit   .   b - +0 scale mail
rPois   .          Reflect  .   (helmet restricted)
rElec   .          Harm     .   (no cloak)
rCorr   .          Rampage  .   (no gloves)
Will    .....                   (no boots)
Stlth   ..........              (no amulet)
HPRegen 0.23/turn               j - +6 ring of strength
MPRegen 0.12/turn               p - +4 ring of protection

@: about to teleport
A: horns 2, retaliatory headbutt
a: Renounce Religion, Heroism


You were on level 8 of the Dungeon.
You worshipped Okawaru.
Okawaru was pleased with you.
You visited 2 branches of the dungeon, and saw 9 of its levels.
You also visited: Bailey.

You collected 325 gold pieces.
You spent 126 gold pieces at shops.

Inventory:

Hand Weapons
 a - a +0 war axe (weapon)
Missiles
 n - 2 throwing nets (quivered)
Armour
 b - a +0 scale mail (worn)
 c - a +0 buckler (worn)
Jewellery
 i - an amulet of the acrobat
   (You took it off a wight on level 7 of the Dungeon)
 j - a +6 ring of strength (left hand)
   (You found it on level 1 of the Dungeon)
 p - a +4 ring of protection (right hand)
   (You found it on level 5 of the Dungeon)
Wands
 v - a wand of mindburst (14)
   (You found it on level 4 of the Dungeon)
 D - a wand of paralysis (9)
   (You found it on level 5 of the Dungeon)
 E - a wand of iceblast (12)
   (You found it on level 4 of the Dungeon)
Scrolls
 e - a scroll of immolation
 l - 3 scrolls of magic mapping
 t - 3 scrolls of teleportation
 u - a scroll of enchant weapon
 z - a scroll of blinking
 C - 4 scrolls of fog
 G - 5 scrolls of fear
Potions
 d - a potion of might
 f - 2 potions of magic
 g - 2 potions of attraction
 h - 2 potions of haste
 k - 4 potions of flight {unknown}
 m - a potion of ambrosia {unknown}
 o - 3 potions of lignification {unknown}
 x - 2 potions of mutation {unknown}
 A - a potion of degeneration
 B - 2 potions of brilliance {unknown}


   Skills:
 + Level 7.9 Fighting
 * Level 10.5 Axes
 + Level 4.0 Throwing
 + Level 8.0 Armour
 + Level 3.0 Dodging
 - Level 3.6 Shields
 + Level 4.0 Invocations


You had 8 spell levels left.
You didn't know any spells.
Your spell library was empty.

Dungeon Overview and Level Annotations

Branches:
Dungeon (8/15)             Temple (1/1) D:4          Bailey (visited)
   Lair: D:8-11

Altars:
Ashenzari
Hepliaklqana
Makhleb
Nemelex Xobeh
Okawaru
Qazlal
Sif Muna
Trog
Uskayaw
Yredelemnul
Zin

Shops:
D:1 *   D:4 (   D:5 [   D:6 (?

Annotations:
D:5 2 transporters, Notanamesir's ghost, novice GnWn


Innate Abilities, Weirdness & Mutations

You have a pair of horns on your head.
You reflexively headbutt those who attack you in melee.


Message History

The hornet stings you but does no damage.
The centaur hits you but does no damage.
The centaur kicks you but does no damage.
You block the hornet's attack. The centaur barely misses you.
The centaur kicks you but does no damage.
You miss the hornet.
The hornet is heavily wounded.
You completely miss the centaur. The hornet barely misses you.
You furiously retaliate!
You headbutt the hornet, but do no damage.
The centaur barely misses you. You furiously retaliate!
You headbutt the centaur, but do no damage.
The centaur kicks you but does no damage.
The hornet barely misses you.
The centaur hits you but does no damage.
The centaur barely misses you. The hornet stings you.
* * * LOW HITPOINT WARNING * * *
You feel as though you will be slow longer.
You hit the hornet.
The hornet is heavily wounded.
You hit the centaur but do no damage.
The centaur hits you but does no damage.
The centaur kicks you but does no damage.
The hornet misses you. The centaur closely misses you. You furiously retaliate!
You headbutt the centaur!
The centaur kicks you but does no damage.
The hornet stings you but does no damage.
You block the centaur's attack. x2
You miss the hornet. You headbutt the hornet!
The hornet is almost dead.
You closely miss the centaur. The hornet stings you.
* * * LOW HITPOINT WARNING * * *
You are poisoned.
You feel as though you will be slow longer.
The centaur barely misses you.
The centaur kicks you but does no damage.
An orc comes into view. It is wielding a +0 dagger.
The hornet completely misses you. The centaur barely misses you.
You furiously retaliate!
You headbutt the centaur!
You kill the centaur!
Okawaru accepts your kill.
You feel much better.
You feel very sick.
The orc shouts!
You hear a loud, deep croak!
The hornet stings you!
You feel as though you will be slow longer.
The hornet stings you.
You feel as though you will be slow longer.
The hornet stings you.
You are more poisoned.
You feel as though you will be slow longer.
The orc barely misses you.
You hear an angry growl.
You hear a horrible gurgling sound!
You closely miss the hornet.
The hornet is almost dead.
You hit the orc.
You feel very sick. The hornet stings you.
* * * LOW HITPOINT WARNING * * *
You feel as though you will be slow longer.
The orc hits you with a +0 dagger.
* * * LOW HITPOINT WARNING * * *
The hornet stings you.
* * * LOW HITPOINT WARNING * * *
You feel as though you will be slow longer.
You slash the hornet!
You kill the hornet!
Okawaru accepts your kill.
You slash the orc!
You kill the orc!
Okawaru accepts your kill.
* * * LOW HITPOINT WARNING * * *
You feel very sick.
You feel your intelligence returning.
Your Throwing skill increases to level 4!
Your Armour skill increases to level 8!
Your Dodging skill increases to level 3!
Your Invocations skill increases to level 4!
You start resting.
* * * LOW HITPOINT WARNING * * *
You feel very sick.
You start resting.
* * * LOW HITPOINT WARNING * * *
You feel sick.
You start resting.
You feel sick.
* * * LOW HITPOINT WARNING * * *
You feel sick.
You start resting.
You feel sick.
Magic restored.
You feel sick.
You are no longer poisoned.
You start resting.
You feel yourself speed up.
You start resting.
A vampire mosquito comes into view.
You closely miss the vampire mosquito.
The vampire mosquito bites you but does no damage.
Okay, then.
As you read the scroll of teleportation, it crumbles to dust.
You feel strangely unstable. The vampire mosquito bites you!
You die...

#..## #..# ..
.# #.. . . . #.
# . ## . . ##
#.##.#. .# #.#.
.....#. #.#
#.#.
.......###...
#.. #.)@#.#
#.#. #...y.#
#.#. ###.### .
## ##.....## .
##. ##.......##
##..
#.........#
#...
#...........#
#....
#...........#
#..##
..............#
....


You could see a vampire mosquito.

Vanquished Creatures
  A hornet (D:8)
  Sigmund (D:4)
  Menkaure (D:4)
  A steam dragon (D:4)
  3 water moccasins
  An orc warrior (D:8)
  2 ice beasts
  5 ogres
  A centaur (D:8)
  2 bullfrogs
  3 scorpions
  4 wights
  5 killer bees
  An electric eel (D:6)
  A howler monkey (D:5)
  An orc priest (D:6)
  4 hounds
  2 gnoll boudas
  3 iguanas
  Natasha (thrice) (D:2)
  2 orc wizards (D:8)
  22 gnolls
  5 adders
  2 shadow imps
  2 white imps (D:7)
  An adder zombie (D:2)
  2 worms
  15 orcs
  4 bats (D:2)
  A bat zombie (D:2)
  3 endoplasms
  2 giant cockroaches
  5 goblins
  2 hobgoblins
  9 jackals
  4 quokkas
  6 ball pythons
  2 ball python skeletons (D:2)
  A frilled lizard (D:2)
  A jackal skeleton (D:2)
  2 kobolds (D:2)
  A quokka simulacrum (D:2)
  6 rats
145 creatures vanquished.

Vanquished Creatures (others)
  A wight (D:7)
  An electric eel (D:8)
  An endoplasm (D:4)
  9 plants
  14 withered plants (D:2)
26 creatures vanquished.

Grand Total: 171 creatures vanquished

Notes
Turn   | Place    | Note
-------+----------+-------------------------------------------
     0 | D:1      | Flugkiller the Minotaur Fighter began the quest for the
                  | Orb.
     0 | D:1      | Reached XP level 1. HP: 19/19 MP: 0/0
   208 | D:1      | Found Iggikiw's General Store.
   303 | D:1      | You fall into a shaft and drop 1 floor!
   341 | D:2      | Reached skill level 3 in Axes
   341 | D:2      | Reached XP level 2. HP: 27/27 MP: 1/1
   566 | D:3      | Reached XP level 3. HP: 4/33 MP: 2/2
  1097 | D:2      | Found a faded altar of an unknown god.
  1102 | D:2      | Reached skill level 4 in Axes
  1160 | D:2      | Reached XP level 4. HP: 40/40 MP: 3/3
  1245 | D:2      | Noticed Natasha
  1246 | D:2      | Found the +4 dagger "Morg" {pain, Will+ Int+5}
  1254 | D:2      | Killed Natasha
  1645 | D:2      | Noticed Natasha
  1652 | D:2      | Killed Natasha
  1879 | D:2      | Reached XP level 5. HP: 47/47 MP: 4/4
  1900 | D:2      | Noticed Natasha
  1905 | D:2      | Killed Natasha
  1906 | D:2      | Reached skill level 5 in Axes
  2665 | D:4      | Reached skill level 5 in Fighting
  2665 | D:4      | Reached skill level 5 in Armour
  2669 | D:4      | Reached XP level 6. HP: 42/56 MP: 5/5
  2790 | D:4      | Noticed a steam dragon
  2800 | D:4      | Killed a steam dragon
  2801 | D:4      | Reached skill level 6 in Axes
  3058 | D:4      | Noticed Menkaure
  3059 | D:4      | Found Tyderoet's Antique Weapon Shop.
  3073 | D:4      | Killed Menkaure
  3194 | D:4      | Noticed Sigmund
  3200 | D:4      | Killed Sigmund
  3201 | D:4      | Reached skill level 7 in Axes
  3201 | D:4      | Reached XP level 7. HP: 49/62 MP: 6/6
  3442 | D:4      | Found a staircase to the Ecumenical Temple.
  3466 | Temple   | Entered the Ecumenical Temple
  3595 | Temple   | Became a worshipper of Warmaster Okawaru
  3931 | D:5      | Entered Level 5 of the Dungeon
  3943 | D:5      | Reached skill level 8 in Axes
  3943 | D:5      | Reached skill level 1 in Throwing
  3943 | D:5      | Reached skill level 1 in Invocations
  3944 | D:5      | Found a transporter.
  3955 | D:5      | Noticed Notanamesir's ghost (novice GnWn)
  4046 | D:5      | Reached XP level 8. HP: 67/71 MP: 7/7
  4326 | D:5      | Found a transporter.
  4406 | D:5      | Found Waymepn's Armour Shoppe.
  4475 | D:6      | Reached * piety under Okawaru
  4955 | D:6      | Found Vaira's Magic Scroll Boutique.
  4956 | D:6      | Found Tenuxi's Weapon Emporium.
  4968 | D:6      | Reached skill level 9 in Axes
  5204 | D:6      | Bought a scroll of teleportation for 42 gold pieces
  5204 | D:6      | Bought a scroll of fear for 56 gold pieces
  5204 | D:6      | Bought a scroll of identify for 28 gold pieces
  5954 | D:7      | Found a flagged portal.
  6068 | Bailey   | Entered a bailey
  6411 | D:7      | Reached skill level 1 in Dodging
  6525 | D:7      | Reached XP level 9. HP: 79/79 MP: 10/10
  6534 | D:7      | Reached ** piety under Okawaru
  7325 | D:7      | Reached skill level 10 in Axes
  7325 | D:7      | HP: 3/79 [poisoned by a killer bee]
  7632 | D:8      | WTF
  8083 | D:8      | Noticed a two-headed ogre
  8083 | D:8      | Noticed a komodo dragon
  8141 | D:8      | HP: 3/81 [poisoned by a hornet]
  8152 | D:8      | Slain by a vampire mosquito

Illustrated notes

.....# ....# ##
## #...# ... ..
#...# ....
..#.#...#+##....
.#o..........
#.......#
#.......#
#...@...#
#........#
#.........#
#..........#
....##PPS~~...
.#.. PPP~~~~...
#. .~P~~~PP....
..P~~≈~~PP...


Turn 7632 on D:8: WTF

Levels and vault maps discovered:
D:1:      dpeg_arrival_concentric_ovals, layout_rooms, serial_shops,
          nicolae_shop_stone
D:2:      layout_basic, hellmonk_ecumenical_altar_dog_temple,
          dilly_guarded_unrand_morg
D:3:      layout_loops_ring, chequers_serial_rivers_small_b, minivault_27
D:4:      layout_basic, temple_green, serial_shops, nicolae_shop_crystal,
          uniq_menkaure, uniq_sigmund
D:5:      layout_rooms, serial_shops, nicolae_stop_n_shop_2,
          gammafunk_ghost_gnarly_gnolls
D:6:      layout_basic, nicolae_wooded_promenade, lemuel_old_faithful
D:7:      layout_basic, enter_bailey_8
D:8:      minmay_the_grid_octo_tiled_octocenter [minmay_the_grid_octo_odd_swirl,
          minmay_the_grid_octo_empty, minmay_the_grid_octo_vomiting_pacman,
          minmay_the_grid_octo_pinwheel, minmay_the_grid_octo_prize_big_c,
          minmay_the_grid_square_5x5_pentomino_r,
          minmay_the_grid_square_5x5_minivault,
          minmay_the_grid_square_5x5_two_walls_a,
          minmay_the_grid_square_5x5_checkered_statues], layout_gridville,
          lair_entry_dummy, serial_bayou, serial_bayou_lagoon_a,
          serial_bayou_pond_e, serial_bayou_ford_a, serial_bayou_pond_e
Temple:   regret_index_temple_sigil_plot

Skill      XL: |  1  2  3  4  5  6  7  8  9 |
---------------+----------------------------+-----
Axes           | 3 4 5 7 8 9 10 | 10.5
Fighting       | 4 5 6 7 |  7.9
Armour         | 4 5 6 7 8 |  8.0
Throwing       | 1 2 4 |  4.0
Invocations    | 1 3 4 |  4.0
Dodging        | 1 3 |  3.0
Shields        | |  3.6

Action                   |  1- 3 |  4- 6 |  7- 9 || total
-------------------------+-------+-------+-------++-------
Melee: War axe           |    55 |    66 |   231 ||   352
       Headbutt          |     9 |     4 |    38 ||    51
Invok: Heroism           |       |       |     1 ||     1
Evoke: Wand              |       |       |    10 ||    10
  Use: Potion            |       |     3 |     6 ||     9
       Scroll            |       |       |    13 ||    13
Armor: Scale mail        |    24 |    27 |   125 ||   176
Dodge: Dodged            |    39 |    34 |   136 ||   209
Block: Buckler           |    13 |    17 |    48 ||    78
